 Dungeon Crawl Stone Soup version 0.28-a0-519-gbfeecf2fc5 (webtiles) character file.

Game seed: 10845578062110536029

3180 Rennog the Grappler (level 9, 0/133 HPs)
             Began as a Troll Fighter on Sept 23, 2021.
             Was an Initiate of Ru.
             Slain by Duvessa (5 damage)
             ... on level 6 of the Dungeon.
             The game lasted 00:13:14 (6679 turns).

Rennog the Grappler (Troll Fighter)                 Turns: 6679, Time: 00:13:15

Health: 0/133      AC: 24    Str: 24 (26) XL:     9   Next: 63%
Magic:  8/8        EV:  1    Int:  3 (5)  God:    Ru [......]
Gold:   779        SH:  6    Dex:  8 (11) Spells: 8/8 levels left

rFire   + . .      SeeInvis .     - Unarmed
rCold   + + .      Faith    .   b - +0 kite shield
rNeg    + + +      Spirit   .   (armour currently unavailable)
rPois   +          Reflect  .   (helmet currently unavailable)
rElec   +          Harm     .   (cloak currently unavailable)
rCorr   +          Rampage  .   (gloves unavailable)
Will    .....      NoTele   +   (boots unavailable)
Stlth   +.........              (no amulet)
HPRegen 1.32/turn               f - ring of protection from cold
MPRegen 0.11/turn               (no ring)

@: tree-form, resistant
A: stationary, stasis, torment immunity, boosted hp, large, unfitting armour,
(claws 3), regeneration 1, (shaggy fur 1), (tough skin 1), disrupted magic 1
a: Renounce Religion


You were on level 6 of the Dungeon.
You worshipped Ru.
Ru was noncommittal.
You were a tree.
You visited 2 branches of the dungeon, and saw 8 of its levels.
You also visited: Sewer and Ossuary.

You collected 779 gold pieces.

Inventory:

Missiles
 A - a throwing net (quivered)
Armour
 a - a +0 robe (melded)
 b - a +0 kite shield (worn)
 B - a +0 cloak (melded)
Jewellery
 f - a ring of protection from cold (left branch)
 z - an amulet of faith
Wands
 x - a wand of paralysis (17)
 y - a wand of flame (11)
Scrolls
 d - 4 scrolls of enchant weapon {unknown}
 h - 2 scrolls of teleportation {unknown}
 i - a scroll of silence {unknown}
 k - a scroll of fear {unknown}
 l - a scroll of enchant armour {unknown}
 o - 3 scrolls of blinking {unknown}
 q - 3 scrolls of noise {unknown}
 t - 7 scrolls of identify {unknown}
 v - a scroll of amnesia {unknown}
Potions
 c - a potion of brilliance {unknown}
 e - 2 potions of lignification
 g - a potion of magic {unknown}
 j - a potion of heal wounds {unknown}
 m - a potion of haste {unknown}
 n - a potion of resistance
 p - 2 potions of flight {unknown}
 r - 2 potions of degeneration
 s - a potion of berserk rage {unknown}
 u - a potion of curing {unknown}
 w - 2 potions of might


   Skills:
 + Level 6.1 Fighting
 + Level 6.1 Dodging
 - Level 2.4 Shields
 * Level 9.9 Unarmed Combat


You had 8 spell levels left.
You didn't know any spells.
Your spell library contained the following spells:

 Spells                   Type           Power      Damage    Failure   Level
 Blink                    Tloc           N/A        N/A       99%         2
 Ensorcelled Hibernation  Hex/Ice        0%         N/A       99%         2
 Lesser Beckoning         Tloc           0%         N/A       100%        3
 Tukima's Dance           Hex            0%         N/A       100%        3
 Manifold Assault         Tloc           0%         N/A       100%        5


Dungeon Overview and Level Annotations

Branches:
Dungeon (7/15)             Temple (1/1) D:5           Sewer (visited)
Ossuary (visited)

Altars:
Ashenzari
Fedhas
Gozag
Hepliaklqana
Kikubaaqudgha
Nemelex Xobeh
Okawaru
Qazlal
Ru
Sif Muna
Trog
Uskayaw
Vehumet
Wu Jian
Xom
Yredelemnul
The Shining One

Shops:
D:4 (   D:7 (

Annotations:
D:6 Duvessa


Innate Abilities, Weirdness & Mutations

You are a tree.
Your roots penetrate the ground, keeping you stationary.
You cannot be teleported.
You are immune to unholy pain and torment.
Your maximum health is greatly increased.
Your equipment is partially melded.
You are too large for most types of armour.
((You have claws for hands.))
Your natural rate of healing is unusually fast.
((You are covered in fur. (AC +1)))
((You have tough skin. (AC +1)))
Your casting is slightly disrupted.


Message History

Duvessa hits you with a +0 short sword!
The centaur wields a +1 shortbow of freezing.
It is covered in frost.
The centaur shoots an arrow.
You block the arrow. Duvessa hits you with a +0 short sword!
The centaur shoots an arrow.
The arrow hits you. Duvessa barely misses you.
There is a stone staircase leading up here.
The centaur shoots an arrow.
The arrow barely misses you. Duvessa hits you with a +0 short sword!
You climb upwards.
There is a stone staircase leading down here.
Aiming: Paralyse
Press: ? - help, Shift-Dir - straight line, f - Duvessa
Aim: Duvessa, wielding a +0 short sword, wearing a +0 leather armour, wearing a ring of protection from fire and quivering stones (heavily wounded, berserk, chance to affect: 28%)
Okay, then.
Unknown command.
You barely miss Duvessa.
Duvessa is heavily wounded.
Duvessa barely misses you. Duvessa hits you with a +0 short sword!
You scratch Duvessa.
Duvessa is severely wounded.
Duvessa hits you with a +0 short sword!
* * * LOW HITPOINT WARNING * * *
You scratch Duvessa.
Duvessa is severely wounded.
Duvessa hits you with a +0 short sword!
* * * LOW HITPOINT WARNING * * *
Duvessa hits you with a +0 short sword.
* * * LOW HITPOINT WARNING * * *
It was a potion of degeneration.
There was something very wrong with that liquid.
You feel weakened.
You feel dopey.
You feel clumsy. Duvessa hits you with a +0 short sword.
* * * LOW HITPOINT WARNING * * *
It was a potion of lignification.
You turn into a tree.
Your +0 cloak melds into your body.
Your +0 robe melds into your body.
Your roots penetrate the ground.
Duvessa hits you but does no damage. x2
It was a potion of resistance.
You feel protected. Duvessa hits you with a +0 short sword.
You die...

....###.....#<.........##........
....###.....#....#######.........
............#....#.....#.........
............#....#.....#.........
............#.#..#...............
.#...............#......(#.......
.#...............#.......##.####.
...............e)#.......##.# #.
............####♣'.......##.####.
.................#........#......
.†..............................(
.†..............^.)..............
..................)).............
.................................
...##†.............#...........##
...######.(........#...........##
..†# #..........#......>....##


You could see Duvessa (berserk).

Vanquished Creatures
  Pikel (D:6)
  Sigmund (D:2)
  Edmund (D:4)
  A black bear (D:6)
  Purgy (Sewer)
  2 sky beasts
  An ogre (D:6)
  2 necrophages
  2 lemures (D:6)
  4 gnoll sergeants
  3 scorpions
  A bullfrog (D:7)
  Dowan (D:7)
  4 killer bees (D:6)
  3 centaur zombies
  2 bullfrog zombies (D:6)
  3 jellies
  2 hounds (D:7)
  2 orc priests
  2 gnoll shamans (D:7)
  A bullfrog skeleton (D:6)
  3 centaur skeletons
  5 iguanas
  Natasha (twice) (D:3)
  4 orc wizards
  2 mummies (Ossuary)
  5 adders
  12 gnolls
  A howler monkey skeleton (D:5)
  A shadow imp (D:3)
  3 ufetubi
  2 worms
  A dart slug (D:3)
  18 orcs
  7 endoplasms
  3 giant cockroaches
  3 hobgoblins
  3 jackals
  2 quokkas
  5 ball pythons
  3 bats
  8 frilled lizards
  3 gnoll zombies (Ossuary)
  6 goblins
  2 goblin zombies (Ossuary)
  4 hobgoblin zombies (Ossuary)
  7 kobolds
  5 orc zombies (Ossuary)
  8 rats
168 creatures vanquished.

Vanquished Creatures (others)
  A plant (D:6)
1 creature vanquished.

Grand Total: 169 creatures vanquished

Notes
Turn   | Place    | Note
-------+----------+-------------------------------------------
     0 | D:1      | Rennog the Troll Fighter began the quest for the Orb.
     0 | D:1      | Reached XP level 1. HP: 22/22 MP: 0/0
   173 | D:1      | Reached XP level 2. HP: 29/29 MP: 1/1
   461 | D:1      | Found a faded altar of an unknown god.
   608 | D:1      | Became a worshipper of Sif Muna the Loreminder
   608 | D:1      | Reached * piety under Sif Muna
   609 | D:1      | Fell from the grace of Sif Muna
   700 | D:2      | Noticed Sigmund
   751 | D:2      | Killed Sigmund
   752 | D:2      | Reached skill level 4 in Unarmed Combat
   752 | D:2      | Reached XP level 3. HP: 7/37 MP: 2/2
   752 | D:2      | Reached XP level 4. HP: 9/45 MP: 3/3
   752 | D:2      | Reached XP level 5. HP: 10/53 MP: 4/4
  2237 | D:3      | Found a sparkling altar of Nemelex Xobeh.
  2242 | D:3      | Noticed Natasha
  2247 | D:3      | Killed Natasha
  2444 | D:4      | Reached XP level 6. HP: 30/61 MP: 5/5
  2491 | D:4      | Found an ancient bone altar of Kikubaaqudgha.
  2494 | D:4      | Found a glowing drain.
  2495 | D:4      | Noticed Edmund
  2526 | Sewer    | Entered a sewer
  2548 | Sewer    | Noticed Purgy
  2570 | Sewer    | Killed Purgy
  2571 | Sewer    | Reached skill level 5 in Unarmed Combat
  2788 | D:4      | HP: 1/62 [Edmund (15)]
  2892 | D:3      | Noticed Natasha
  2898 | D:3      | Killed Natasha
  2929 | D:4      | Found a sand-covered staircase.
  2937 | Ossuary  | Entered an ossuary
  3147 | D:4      | Found Huneser's Antique Weapon Shop.
  3230 | D:4      | Found a blossoming altar of Fedhas.
  3357 | D:4      | Reached XP level 7. HP: 57/68 MP: 6/6
  3489 | D:5      | Entered Level 5 of the Dungeon
  3540 | D:5      | Reached skill level 6 in Unarmed Combat
  3662 | D:5      | Found a hide-covered altar of Uskayaw.
  4076 | D:5      | Found a glowing golden altar of the Shining One.
  4272 | D:5      | Found a staircase to the Ecumenical Temple.
  4452 | D:5      | Was forgiven by Sif Muna
  4582 | Temple   | Entered the Ecumenical Temple
  4635 | Temple   | Became a worshipper of Ru the Awakened
  4760 | D:6      | Reached XP level 8. HP: 76/79 MP: 7/7
  4796 | D:6      | Reached skill level 7 in Unarmed Combat
  5070 | D:6      | Reached skill level 5 in Fighting
  5070 | D:6      | Reached skill level 5 in Dodging
  5077 | D:6      | Noticed Pikel
  5089 | D:6      | Found a radiant altar of Vehumet.
  5155 | D:6      | Found a broken altar of Ashenzari.
  5155 | D:6      | Found a hazy altar of Hepliaklqana.
  5287 | D:6      | Killed Pikel
  5288 | D:6      | Reached skill level 8 in Unarmed Combat
  5334 | D:6      | Reached XP level 9. HP: 61/88 MP: 8/8
  5556 | D:6      | Reached skill level 9 in Unarmed Combat
  5768 | D:7      | Noticed Duvessa
  5768 | D:7      | Noticed Dowan
  5996 | D:7      | Gained mutation: Your casting is slightly disrupted. [Ru
                  | sacrifice]
  6166 | D:7      | Found Sigib's Weapon Shoppe.
  6590 | D:4      | Killed Edmund
  6664 | D:7      | Killed Dowan
  6677 | D:6      | HP: 1/89 [Duvessa (6)]
  6679 | D:6      | Slain by Duvessa

Illustrated notes

Levels and vault maps discovered:
D:1:      minmay_arrival_split_and_join, layout_basic,
          ebering_ecumenical_altar_mist
D:2:      layout_loops_ring, wander_ebering_terrifying_dragon_lair, uniq_sigmund
D:3:      layout_loops_corners, overflow_temple_1_default,
          minmay_misc_feat_rugged, nicolae_underground_beach, uniq_natasha
D:4:      layout_loops_ring, lemuel_crystal_altar, lemuel_round_altar,
          nicolae_ossuary_entry_monument, serial_shops, shop,
          cheibrodos_sewer_entry_sluice, minmay_crystal_water, uniq_edmund
D:5:      layout_basic, nicolae_uskayaw_murder_on_the_dancefloor,
          nicolae_tso_carved_into_rock, temple_hall, grunt_decor_one_mirror
D:6:      layout_basic, gammafunk_temple_overflow_forgotten,
          kennysheep_generic_room_8, uniq_pikel
D:7:      layout_cave_pools, serial_gnoll_camp, gnoll_camp_mini_house,
          gnoll_camp_huts_basic, gnoll_camp_mini_hut, gnoll_camp_mini_shop,
          gnoll_camp_mini_hut, gnoll_camp_medium_01, nicolae_shop_self_help,
          uniq_duvessa
Temple:   jpeg_temple_island

Skill      XL: |  1  2  3  4  5  6  7  8  9 |
---------------+----------------------------+-----
Fighting       | 3 4 5 6 |  6.1
Dodging        | 3 4 5 6 |  6.1
Unarmed Combat | 4 5 6 8 9 |  9.9
Shields        | |  2.4

Action                   |  1- 3 |  4- 6 |  7- 9 || total
-------------------------+-------+-------+-------++-------
Melee: Unarmed           |    53 |   186 |   292 ||   531
Invok: Renounce Religion |     1 |       |       ||     1
       Sacrifice Essence |       |       |     1 ||     1
  Use: Potion            |       |     1 |     3 ||     4
 Stab: Sleeping          |       |     3 |       ||     3
Armor: Robe              |    12 |    62 |    85 ||   159
       Skin              |       |       |     2 ||     2
Dodge: Dodged            |    14 |    78 |   146 ||   238
Block: Kite shield       |    14 |    75 |   129 ||   218

Table legend: (Time is in decaauts)
 A = Elapsed time spent in this place.
 B = Non-inter-level travel time spent in this place.
 C = Inter-level travel time spent in this place.
 D = Time resting spent in this place.
 E = Time spent auto-exploring this place.
 F = Levels seen in this place.
 G = Mean time per level.
                   A        B        C        D        E       F      G
               +--------+--------+--------+--------+--------+-----+--------+
         Total |   6799 |   6015 |    784 |    131 |   4286 |  10 |  679.9 |
       Dungeon |   6295 |   5544 |    751 |    131 |   4013 |   7 |  899.3 |
        Temple |     87 |     54 |     33 |      0 |     31 |   1 |   87.0 |
         Sewer |    276 |    276 |      0 |      0 |    172 |   1 |  276.0 |
       Ossuary |    140 |    140 |      0 |      0 |     70 |   1 |  140.0 |
               +--------+--------+--------+--------+--------+-----+--------+

Top non-repeatable levels by time:
     D:5: 1297 daAuts
     D:6: 1117 daAuts
     D:3: 1090 daAuts
     D:4: 1068 daAuts
     D:2: 738 daAuts
     D:1: 670 daAuts
     D:7: 313 daAuts
   Sewer: 276 daAuts
 Ossuary: 140 daAuts
  Temple: 87 daAuts
